AoeStats
← BichiArana

Arena

510274789Analyzed
1v1 RM · 10h ago on Sep 30, 2026· 31m 19s· 2 players
Game mode
Random Map
Map size
Tiny (2 player)
Population
200
Speed
Normal
Resources
Standard
Victory
Conquest
Starting age
Dark Age
Ending age
Imperial Age
RankedLock teamsTeams togetherTeam positionsShared explorationLock speedFull tech treeHidden civsTurbo modeCheats
Victory
Defeat
🇨🇦 Turks · Canada
963
+1
🇪🇸 Ethiopians · Spain
16
-1
BichiArana
0:30 Loom
20:45 Feudal Age
22:20 Double-Bit Axe
27:15 Fletching
27:26 Padded Archer Armor
32:09 Castle Age
31:12 Gold Mining
31:24 Stone Mining
CacoNinjaWar
4:38 Loom
12:19 Feudal Age
14:12 Double-Bit Axe
14:11 Horse Collar
17:18 Castle Age
18:35 Wheelbarrow
18:27 Bow Saw
25:56 Imperial Age
24:17 Redemption
28:59 Two-Man Saw
Connection lost

Rejoining the realm…

Still unreachable

The connection could not be restored.

Session expired

The server has moved on; the page needs a fresh start.